[Event "Titled Tuesday Blitz January 17 Early 2023"]
[White "Salman, Pavel"]
[Black "Gurvich, Vitaly"]
[WhiteFideId "24153753"]
[BlackFideId "24164852"]
[WhiteElo "2287"]
[BlackElo "2278"]
[Result "0-1"]
[Round "11"]
[TimeControl "180+2"]
[Date "2023.01.17"]
[WhiteClock "0:00:56"]
[BlackClock "0:00:22"]

1. Nf3 Nf6 2. g3 g6 3. Bg2 Bg7 4. O-O O-O 5. d3 d5 6. Nbd2 a5 7. e4 a4 8. Re1 Bg4 9. e5 Nfd7 10. d4 e6 11. h3 Bxf3 12. Nxf3 b5 13. Bg5 Qc8 14. Qd2 c5 15. c3 Nb6 16. Bh6 Nc4 17. Qg5 Qd8 18. Qf4 Nxb2 19. Re3 Nc4 20. Re2 Nd7 21. h4 f6 22. Bxg7 Kxg7 23. exf6+ Rxf6 24. Qg4 Nf8 25. Ng5 Ra6 26. Rae1 Qd7 27. Bh3 h5 28. Nxe6+ Nxe6 29. Qxe6 Raxe6 30. Bxe6 Qd6 31. f4 cxd4 32. cxd4 Qb6 33. Bh3 Qxd4+ 34. Kh2 Nd6 35. Re7+ Rf7 36. R7e2 Ne4 37. Rc1 Qd3 38. Rg2 b4 39. Be6 Re7 40. f5 b3 41. axb3 axb3 42. Rh1 Nc5 43. Rf1 Qxf1 0-1


[Site "https://www.chess.com"]

[Event "Titled Tuesday Blitz January 17 Early 2023"]
[White "Ansh M Shah"]
[Black "Averjanov, Alexey"]
[WhiteFideId "25033379"]
[BlackFideId "14109867"]
[WhiteElo "2171"]
[BlackElo "2399"]
[Result "0-1"]
[Round "11"]
[TimeControl "180+2"]
[Date "2023.01.17"]
[WhiteClock "0:01:42"]
[BlackClock "0:02:15"]

1. d4 d5 2. c4 dxc4 3. e3 Nf6 4. Bxc4 e6 5. Nf3 a6 6. a4 c5 7. O-O Nc6 8. dxc5 Bxc5 9. Qxd8+ Kxd8 10. Rd1+ Ke7 11. b3 b6 12. Ba3 Bxa3 13. Nxa3 Bb7 14. Be2 Rhd8 15. Nc4 b5 16. axb5 axb5 17. Nce5 Nxe5 18. Nxe5 b4 19. Bf3 Bxf3 20. Nxf3 Rxd1+ 21. Rxd1 Ra3 22. Nd4 Nd5 23. Nc6+ Kf6 24. Nd4 Nc3 25. Re1 e5 26. Nc6 Rxb3 27. g3 Rb2 28. Kg2 Ne4 29. Kf3 Nxf2 30. Nxb4 e4+ 31. Kg2 Nd3+ 32. Kh3 Nxe1 0-1


[Site "https://www.chess.com"]

[Event "Titled Tuesday Blitz January 17 Early 2023"]
[White "Weetik, Vjacheslav"]
[Black "Ibadov, Dashgyn"]
[WhiteFideId "4153472"]
[BlackFideId "24107514"]
[WhiteElo "2423"]
[BlackElo "2391"]
[Result "0-1"]
[Round "11"]
[TimeControl "180+2"]
[Date "2023.01.17"]
[WhiteClock "0:00:16"]
[BlackClock "0:00:54"]

1. e4 e5 2. Nf3 Nc6 3. Bb5 a6 4. Ba4 Nf6 5. O-O Be7 6. Re1 b5 7. Bb3 d6 8. c3 O-O 9. h3 Nb8 10. d4 Nbd7 11. Nbd2 Bb7 12. a4 c5 13. Bc2 Qc7 14. d5 c4 15. Nf1 Nc5 16. Ng3 Rfb8 17. Nh2 Bc8 18. axb5 axb5 19. Rxa8 Rxa8 20. Be3 g6 21. Qf3 Ra2 22. Bg5 Rxb2 23. Bxf6 Bxf6 24. Qxf6 Rxc2 25. Ra1 Nd3 26. Ng4 Bxg4 27. hxg4 Rc1+ 28. Rxc1 Nxc1 29. Kh2 Nd3 30. Nh5 gxh5 31. gxh5 h6 32. Qxh6 Qe7 33. g3 Nxf2 34. Kg2 Nxe4 0-1


[Site "https://www.chess.com"]

[Event "Titled Tuesday Blitz January 17 Early 2023"]
[White "Parpiev, Isaak"]
[Black "Liyanage, Ranindu Dilshan"]
[WhiteFideId "34281576"]
[BlackFideId "9915834"]
[WhiteElo "2167"]
[BlackElo "2342"]
[Result "1-0"]
[Round "11"]
[TimeControl "180+2"]
[Date "2023.01.17"]
[WhiteClock "0:00:04"]
[BlackClock "0:00:14"]

1. e4 e5 2. Nf3 Nc6 3. Nc3 g6 4. d4 exd4 5. Nxd4 Bg7 6. Be3 Nge7 7. Bc4 O-O 8. O-O a6 9. a4 d6 10. Bb3 Kh8 11. f4 f5 12. exf5 Nxf5 13. Nxf5 Bxf5 14. Qd2 Qd7 15. Kh1 Rae8 16. Rae1 h5 17. Nd5 h4 18. Qf2 Bxb2 19. c3 Ba3 20. Qxh4+ Kg7 21. a5 Qf7 22. Bc4 Rh8 23. Qf2 Rxe3 24. Nxe3 Qf6 25. Nxf5+ Qxf5 26. Be6 Qf6 27. Bd5 Bc5 28. Qf3 Ne7 29. Re6 Qh4 30. h3 Nf5 31. Rfe1 Bf2 32. Rd1 Bg3 33. Bxb7 Bxf4 34. Rde1 Qg5 35. Kg1 Bg3 36. Rf1 Rh4 37. Be4 Rf4 38. Qe2 Rxf1+ 39. Qxf1 Ne3 40. Qf3 Nc4 41. Rxg6+ Qxg6 42. Bxg6 Be5 43. Qf7+ Kh6 44. Qh7+ 1-0


[Site "https://www.chess.com"]

[Event "Titled Tuesday Blitz January 17 Early 2023"]
[White "Leiva, Gianmarco"]
[Black "Mayank Chakraborty"]
[WhiteFideId "3804399"]
[BlackFideId "25659766"]
[WhiteElo "2392"]
[BlackElo "2025"]
[Result "1-0"]
[Round "11"]
[TimeControl "180+2"]
[Date "2023.01.17"]
[WhiteClock "0:01:35"]
[BlackClock "0:01:28"]

1. e4 c5 2. Nf3 d6 3. Bb5+ Nd7 4. a4 Nf6 5. Nc3 g6 6. O-O Bg7 7. Re1 O-O 8. Bf1 Ne5 9. Nxe5 dxe5 10. a5 Bg4 11. Be2 Bxe2 12. Qxe2 Ne8 13. Qb5 b6 14. axb6 Qxb6 15. Qxb6 axb6 16. Rxa8 1-0


[Site "https://www.chess.com"]

[Event "Titled Tuesday Blitz January 17 Early 2023"]
[White "Womacka, Mathias"]
[Black "Klose, Eli"]
[WhiteFideId "4611390"]
[BlackFideId "16242955"]
[WhiteElo "2396"]
[BlackElo "1519"]
[Result "0-1"]
[Round "11"]
[TimeControl "180+2"]
[Date "2023.01.17"]
[WhiteClock "0:00:55"]
[BlackClock "0:01:33"]

1. e4 e6 2. d4 d5 3. Nd2 Be7 4. Ngf3 c5 5. exd5 exd5 6. dxc5 Nc6 7. Nb3 Nf6 8. Bd3 O-O 9. O-O Bg4 10. Be3 Rc8 11. h3 Bh5 12. Be2 Ne4 13. c3 Nb8 14. Re1 Nxc5 15. Nxc5 Bxc5 16. Bxc5 Rxc5 17. Nd4 Bxe2 18. Qxe2 Nc6 19. Rad1 Nxd4 20. Rxd4 g6 21. Qd3 Qg5 22. Rd1 Re8 23. g3 a6 24. Rxd5 Rxd5 25. Qxd5 Qxd5 26. Rxd5 Re2 27. b4 Rxa2 28. Rd7 b5 29. Ra7 Kg7 30. g4 Kf6 31. Kg2 Ra3 32. f3 h5 33. Kg3 hxg4 34. hxg4 g5 35. Rc7 Ke6 36. Rc5 f6 37. Kf2 Kd6 38. Ke3 Ra1 39. Ke4 Rf1 40. Rf5 Ke6 41. Kd4 Rd1+ 42. Kc5 Rd3 43. c4 Rc3 44. Kb6 Rxc4 45. Kxa6 Rxb4 46. Rxb5 Rxb5 47. Kxb5 Ke5 48. Kc5 Kf4 49. Kd6 Kxf3 50. Ke6 Kxg4 51. Kxf6 Kf4 0-1


[Site "https://www.chess.com"]

[Event "Titled Tuesday Blitz January 17 Early 2023"]
[White "Yelisieiev, Yevhenii"]
[Black "Reprintsev, Alexander"]
[WhiteFideId "14139642"]
[BlackFideId "14100541"]
[WhiteElo "2418"]
[BlackElo "2253"]
[Result "0-1"]
[Round "11"]
[TimeControl "180+2"]
[Date "2023.01.17"]
[WhiteClock "0:00:03"]
[BlackClock "0:00:19"]

1. d4 d5 2. Nf3 Nc6 3. c4 e5 4. cxd5 Qxd5 5. Nc3 Bb4 6. Bd2 Bxc3 7. Bxc3 e4 8. Ne5 Nxe5 9. dxe5 Ne7 10. e3 Bd7 11. Qd4 c5 12. Qd2 O-O-O 13. Be2 Qc6 14. Qc2 Qg6 15. g3 Bg4 16. b4 Bxe2 17. Qxe2 Rd3 18. Rc1 Nd5 19. Bd4 Nxb4 20. Bxc5 Nc6 21. Bxa7 Rhd8 22. Bc5 R8d5 23. Bd6 Kd7 24. O-O Nxe5 25. Bxe5 Rxe5 26. Qb2 Red5 27. Qxb7+ Ke6 28. Rc6+ Rd6 29. Qc8+ Ke5 30. Qe8+ Qe6 31. Qxe6+ Kxe6 32. Rxd6+ Kxd6 33. Ra1 Ra3 34. Kg2 f5 35. h3 g5 36. g4 f4 37. exf4 gxf4 38. h4 Ke6 39. Re1 Ke5 40. Ra1 h6 41. g5 hxg5 42. hxg5 Kf5 43. g6 Kxg6 44. Re1 Kf5 45. Ra1 Kg4 46. Rf1 Rxa2 47. Re1 e3 48. Kg1 exf2+ 0-1


[Site "https://www.chess.com"]

[Event "Titled Tuesday Blitz January 17 Early 2023"]
[White "Fernandez Garcia, Gumersindo"]
[Black "sabkeIXO"]
[WhiteFideId "24516740"]
[WhiteElo "2160"]
[BlackElo "2481"]
[Result "0-1"]
[Round "11"]
[TimeControl "180+2"]
[Date "2023.01.17"]
[WhiteClock "0:00:10"]
[BlackClock "0:01:04"]

1. Nf3 Nf6 2. e3 g6 3. d4 Bg7 4. c3 d6 5. Bd3 O-O 6. O-O Nc6 7. Nbd2 e5 8. Qe2 Bg4 9. h3 Bxf3 10. Qxf3 d5 11. Bb5 e4 12. Qe2 Ne7 13. c4 c6 14. Ba4 a6 15. cxd5 cxd5 16. Nb1 b5 17. Bb3 Nd7 18. Nc3 Nb6 19. Bd2 f5 20. a4 b4 21. Na2 a5 22. Rac1 f4 23. exf4 Bxd4 24. Qxe4 Bxb2 25. Rc6 Nxc6 26. Qe6+ Kh8 27. Qxc6 Rc8 28. Qb5 Nc4 29. Be3 Nxe3 30. fxe3 d4 31. e4 d3 32. f5 d2 33. fxg6 Rxf1+ 34. Qxf1 Rc1 35. Bd1 hxg6 36. Kh2 b3 37. Qf4 Qc7 38. Qxc7 Rxc7 39. Bxb3 Rc1 40. g3 d1=Q 41. Bxd1 Rxd1 0-1


[Site "https://www.chess.com"]

[Event "Titled Tuesday Blitz January 17 Early 2023"]
[White "Aizpurua, Patrick Emilio"]
[Black "Erzhanov, Arman"]
[WhiteFideId "6600522"]
[BlackFideId "4138821"]
[WhiteElo "2304"]
[BlackElo "2228"]
[Result "0-1"]
[Round "11"]
[TimeControl "180+2"]
[Date "2023.01.17"]
[WhiteClock "0:01:57"]
[BlackClock "0:01:12"]

1. d4 d6 2. c4 e5 3. Nf3 e4 4. Nfd2 f5 5. e3 Nf6 6. Nc3 g6 7. Be2 Bh6 8. h3 O-O 9. g4 c5 10. d5 Nbd7 11. b3 Ne5 12. gxf5 Bxf5 13. Bb2 Qe7 14. Qc2 Nd3+ 15. Bxd3 exd3 16. Qd1 Bxe3 17. fxe3 Qxe3+ 18. Kf1 Ne4 19. Nf3 Qf2# 0-1


[Site "https://www.chess.com"]

[Event "Titled Tuesday Blitz January 17 Early 2023"]
[White "Odegov, Artem"]
[Black "Manukian, Artak"]
[WhiteFideId "34183644"]
[BlackFideId "13301373"]
[WhiteElo "2261"]
[BlackElo "2196"]
[Result "0-1"]
[Round "11"]
[TimeControl "180+2"]
[Date "2023.01.17"]
[WhiteClock "0:00:04"]
[BlackClock "0:00:19"]

1. d4 Nf6 2. c4 g6 3. Nc3 Bg7 4. e4 O-O 5. h3 d6 6. Be3 e5 7. d5 c5 8. g4 Na6 9. Bd3 Nc7 10. Nge2 a6 11. a4 Rb8 12. Ng3 Nfe8 13. h4 h6 14. f3 Bd7 15. Qd2 Kh7 16. Ke2 b5 17. cxb5 axb5 18. a5 c4 19. Bc2 b4 20. Nd1 Nb5 21. Ba4 Nd4+ 22. Kf2 Qxa5 23. Bxd7 Qxa1 24. h5 g5 25. Nf5 Nf6 26. Nxd4 Nxd7 27. Nf5 Rfc8 28. Nxg7 Kxg7 29. Bxg5 c3 30. Bxh6+ Kh7 31. Qg5 Rg8 32. Qf5+ Kxh6 33. Qxf7 Qa7+ 34. Kg3 Rbf8 35. Qe6+ Rf6 36. Qe7 c2 37. Nf2 Qe3 38. Kh4 Qxf2+ 39. Kh3 Rxf3# 0-1


[Site "https://www.chess.com"]

[Event "Titled Tuesday Blitz January 17 Early 2023"]
[White "Mohamed Anees M"]
[Black "Donskov, Anatoly"]
[WhiteFideId "35065815"]
[BlackFideId "24143413"]
[WhiteElo "2315"]
[BlackElo "2279"]
[Result "0-1"]
[Round "11"]
[TimeControl "180+2"]
[Date "2023.01.17"]
[WhiteClock "0:01:30"]
[BlackClock "0:01:01"]

1. Nf3 d5 2. c4 d4 3. d3 Nc6 4. g3 a5 5. Bg2 e5 6. O-O Nf6 7. e3 Be7 8. exd4 exd4 9. Nbd2 O-O 10. a3 Bf5 11. Qc2 h6 12. Re1 Re8 13. Nh4 Bh7 14. Nf1 Qd7 15. Bd2 Bc5 16. f4 Ng4 17. Bh3 h5 18. Nf3 Bf5 19. Nh4 Bh7 20. Nf3 Rxe1 21. Rxe1 Re8 22. Rxe8+ Qxe8 23. Bxg4 hxg4 24. Ng5 Bf5 25. Kf2 f6 26. Ne4 Bxe4 27. dxe4 d3+ 0-1


[Site "https://www.chess.com"]

[Event "Titled Tuesday Blitz January 17 Early 2023"]
[White "Ginzburg, Yakov"]
[Black "Valle Maytin, Luis Enrique"]
[WhiteFideId "4157176"]
[BlackFideId "3503666"]
[WhiteElo "2405"]
[BlackElo "2241"]
[Result "1-0"]
[Round "11"]
[TimeControl "180+2"]
[Date "2023.01.17"]
[WhiteClock "0:02:47"]
[BlackClock "0:02:16"]

1. e4 c6 2. d4 d5 3. Nc3 dxe4 4. Nxe4 Nf6 5. Nxf6+ exf6 6. Bc4 Bd6 7. Ne2 O-O 8. O-O Nd7 9. Ng3 Re8 10. Qh5 g6 11. Bxf7+ Kxf7 12. Qxh7+ Ke6 13. Re1+ Kd5 14. Qf7+ Kxd4 15. Rxe8 Ne5 16. Be3# 1-0


[Site "https://www.chess.com"]

[Event "Titled Tuesday Blitz January 17 Early 2023"]
[White "Martynov, Pavel"]
[Black "Kabilov, Amin"]
[WhiteFideId "4101260"]
[BlackFideId "14700859"]
[WhiteElo "2414"]
[BlackElo "2207"]
[Result "1-0"]
[Round "11"]
[TimeControl "180+2"]
[Date "2023.01.17"]
[WhiteClock "0:00:45"]
[BlackClock "0:00:02"]

1. e4 e5 2. Nf3 d6 3. Nc3 Nf6 4. Bc4 Be7 5. Bb3 O-O 6. d3 Nc6 7. Ne2 Bg4 8. c3 d5 9. h3 dxe4 10. hxg4 exf3 11. gxf3 Qd7 12. Ng3 Rfd8 13. Bc2 Nd5 14. Qe2 Nf4 15. Bxf4 exf4 16. Ne4 a5 17. Rh5 g6 18. Rh3 a4 19. Kf1 a3 20. b4 b5 21. Rd1 Ne5 22. d4 Nc4 23. Bb3 Kg7 24. Kg2 Re8 25. Rdh1 Rh8 26. Bxc4 bxc4 27. Qxc4 Rae8 28. d5 Bf6 29. Nxf6 Kxf6 30. Qd4+ Re5 31. Qxf4+ Kg7 32. Qxe5+ 1-0


[Site "https://www.chess.com"]

[Event "Titled Tuesday Blitz January 17 Early 2023"]
[White "Rosenberg, Evan S"]
[Black "Sielecki, Christof"]
[WhiteFideId "2019299"]
[BlackFideId "4620437"]
[WhiteElo "1956"]
[BlackElo "2419"]
[Result "0-1"]
[Round "11"]
[TimeControl "180+2"]
[Date "2023.01.17"]
[WhiteClock "0:00:03"]
[BlackClock "0:00:48"]

1. d4 d5 2. Nf3 Nf6 3. c3 e6 4. Bf4 Bd6 5. e3 O-O 6. Nbd2 c5 7. Bg3 Qc7 8. Bd3 Nbd7 9. O-O Bxg3 10. hxg3 e5 11. dxe5 Nxe5 12. Nxe5 Qxe5 13. Nf3 Qe7 14. Rc1 Bd7 15. c4 Bc6 16. cxd5 Bxd5 17. a3 Rfd8 18. Qc2 Rac8 19. Bf5 Be6 20. Bxe6 Qxe6 21. Rfd1 Rxd1+ 22. Rxd1 h6 23. Qa4 a6 24. Qf4 Ne4 25. Ne5 Nf6 26. Nc4 g5 27. Qe5 Qxe5 28. Nxe5 c4 29. Rd6 Kg7 30. Rb6 Rc7 31. Rd6 Ne8 32. Rd4 b5 33. Rd8 Nf6 34. f3 Rc5 35. f4 Rd5 36. Ra8 g4 37. Rxa6 h5 0-1


[Site "https://www.chess.com"]

[Event "Titled Tuesday Blitz January 17 Early 2023"]
[White "Yuan, Qingyu"]
[Black "Tomaszewski, Kacper"]
[WhiteFideId "8609772"]
[BlackFideId "1127373"]
[WhiteElo "2373"]
[BlackElo "2313"]
[Result "1-0"]
[Round "11"]
[TimeControl "180+2"]
[Date "2023.01.17"]
[WhiteClock "0:00:25"]
[BlackClock "0:00:03"]

1. e4 e5 2. Nf3 Nc6 3. Bb5 Nge7 4. d4 exd4 5. Nxd4 Nxd4 6. Qxd4 c6 7. Bc4 Qb6 8. Qc3 d5 9. Bd3 Ng6 10. O-O d4 11. Qe1 Be7 12. f4 O-O 13. Nd2 f5 14. Bc4+ Kh8 15. e5 d3+ 16. Kh1 dxc2 17. Nf3 Bb4 18. Qe2 Qc7 19. Qxc2 h6 20. Be3 Qe7 21. Bd3 Be6 22. a3 Ba5 23. Bc5 Qf7 24. Bxf8 Rxf8 25. Nd4 Bd5 26. Nxf5 Qd7 27. Rad1 Bb6 28. b4 Be6 29. Be4 Qc8 30. Nd6 Qc7 31. Bxg6 1-0


[Site "https://www.chess.com"]

[Event "Titled Tuesday Blitz January 17 Early 2023"]
[White "Nguyen Hong Nhung"]
[Black "Shipov, Sergei"]
[WhiteFideId "12412201"]
[BlackFideId "4113624"]
[WhiteElo "2003"]
[BlackElo "2541"]
[Result "0-1"]
[Round "11"]
[TimeControl "180+2"]
[Date "2023.01.17"]
[WhiteClock "0:00:05"]
[BlackClock "0:01:25"]

1. e4 e6 2. d4 d5 3. Nc3 Bb4 4. e5 c5 5. a3 Ba5 6. b4 cxd4 7. Nb5 Bc7 8. f4 Bd7 9. Nf3 Bxb5 10. Bxb5+ Nc6 11. Nxd4 Ne7 12. O-O O-O 13. c3 a5 14. Nxc6 Nxc6 15. Be3 Bb6 16. Rf3 Bxe3+ 17. Rxe3 Qb6 18. Qd3 axb4 19. Bxc6 Rxa3 20. Rxa3 bxa3 21. c4 a2 22. Qa3 Qxe3+ 23. Qxe3 a1=Q+ 24. Kf2 bxc6 0-1


[Site "https://www.chess.com"]

[Event "Titled Tuesday Blitz January 17 Early 2023"]
[White "Kuzmin, Roman"]
[Black "Gauri, Shankar"]
[WhiteFideId "44134932"]
[BlackFideId "5041350"]
[WhiteElo "2198"]
[BlackElo "2360"]
[Result "0-1"]
[Round "11"]
[TimeControl "180+2"]
[Date "2023.01.17"]
[WhiteClock "0:00:01"]
[BlackClock "0:01:08"]

1. e4 e5 2. Nf3 Nc6 3. Bb5 Nf6 4. d3 Bc5 5. Bxc6 dxc6 6. Nbd2 O-O 7. O-O Re8 8. Nc4 Nd7 9. Bd2 f6 10. Nh4 Bf8 11. Nf5 Nc5 12. Ng3 Ne6 13. Ne3 a5 14. Qb1 a4 15. Rd1 b5 16. c3 c5 17. Be1 c6 18. f3 Nf4 19. Bf2 Be6 20. Qc2 Qc7 21. Ne2 Nxe2+ 22. Qxe2 Qf7 23. a3 Rad8 24. g3 Rd7 25. Kg2 Red8 26. Rd2 g6 27. Nf1 Bb3 28. Be3 h5 29. h4 Kh7 30. Re1 Be7 31. g4 Be6 32. Ng3 Rg8 33. Rf1 f5 34. exf5 gxf5 35. Bf2 f4 36. Ne4 hxg4 37. Nxc5 gxf3+ 38. Kxf3 Bg4+ 0-1


[Site "https://www.chess.com"]

[Event "Titled Tuesday Blitz January 17 Early 2023"]
[White "Shuvalova, Polina"]
[Black "Novikov, Evgenij"]
[WhiteFideId "24171760"]
[BlackFideId "4125380"]
[WhiteElo "2484"]
[BlackElo "2276"]
[Result "1-0"]
[Round "11"]
[TimeControl "180+2"]
[Date "2023.01.17"]
[WhiteClock "0:00:05"]
[BlackClock "0:00:05"]

1. d4 d5 2. Nf3 Nf6 3. Bf4 c5 4. e3 cxd4 5. exd4 Nc6 6. Nbd2 Bg4 7. c3 e6 8. Qb3 Qc8 9. Nh4 Be7 10. h3 Bh5 11. g4 Bg6 12. Nxg6 hxg6 13. Bg2 Bd8 14. O-O Bc7 15. Be3 Nxg4 16. hxg4 Bh2+ 17. Kh1 Qc7 18. Bh3 Rxh3 19. Kg2 Rxe3 20. Rh1 Re2 21. Nf1 O-O-O 22. Rxh2 Qf4 23. Kg1 Qxg4+ 24. Rg2 Qf4 25. Qb5 Re4 26. Ng3 Rh8 27. Nxe4 Qxe4 28. Rd1 Qh4 29. Kf1 Qh5 30. Qe2 Qh1+ 31. Rg1 Qh3+ 32. Ke1 Qf5 33. Kd2 Na5 34. b3 Nc6 35. Rg3 a6 36. Rf3 Qg5+ 37. Qe3 Qe7 38. Re1 Rh5 39. Rf4 Rf5 40. Rxf5 gxf5 41. Qg3 g6 42. Kc2 Qa3 43. Kb1 a5 44. Rh1 a4 45. Rh8+ Kd7 46. Rh7 axb3 47. axb3 Qxb3+ 48. Kc1 Qa3+ 49. Kd2 Na5 50. Rxf7+ Ke8 51. Rc7 Nc4+ 52. Kd3 Qb3 53. Rc8+ Kf7 54. Qc7+ Kf6 55. Rf8+ Kg5 56. Qg3+ Kh6 57. Qh4+ Kg7 58. Qh8# 1-0


[Site "https://www.chess.com"]

[Event "Titled Tuesday Blitz January 17 Early 2023"]
[White "Atakhan, Abtin"]
[Black "Kazancev, Valerij M"]
[WhiteFideId "22502203"]
[BlackFideId "4179609"]
[WhiteElo "2422"]
[BlackElo "2313"]
[Result "1-0"]
[Round "11"]
[TimeControl "180+2"]
[Date "2023.01.17"]
[WhiteClock "0:01:28"]
[BlackClock "0:00:04"]

1. d4 g6 2. Nf3 Bg7 3. c4 e6 4. Nc3 Ne7 5. e4 a6 6. Be2 O-O 7. Be3 d5 8. Qd2 dxe4 9. Nxe4 Nf5 10. Bg5 f6 11. Bf4 g5 12. Be3 h6 13. h3 Nc6 14. Rd1 Nxe3 15. Qxe3 f5 16. Nc3 Qf6 17. O-O Rb8 18. Rfe1 Bd7 19. Bf1 Rbe8 20. Ne5 Nxe5 21. dxe5 Qe7 22. Be2 f4 23. Qd3 Bc6 24. Bf3 Rd8 25. Qe2 Qc5 26. Bxc6 bxc6 27. b3 Rxd1 28. Nxd1 Rd8 29. Nc3 Rd4 30. Qg4 Kf7 31. Qh5+ Kf8 32. Qg6 Qe7 33. Ne4 Qf7 34. Qh7 Qf5 35. Qxf5+ exf5 36. Nc5 Ke7 37. Nxa6 Rd2 38. Nb4 c5 39. Nd5+ Ke6 40. Nxc7+ Kd7 41. e6+ Kxc7 42. e7 1-0


[Site "https://www.chess.com"]

[Event "Titled Tuesday Blitz January 17 Early 2023"]
[White "Bodnaruk, Anastasia"]
[Black "Myshakov, Fyodor"]
[WhiteFideId "4181751"]
[BlackFideId "14111284"]
[WhiteElo "2350"]
[BlackElo "2292"]
[Result "1-0"]
[Round "11"]
[TimeControl "180+2"]
[Date "2023.01.17"]
[WhiteClock "0:01:53"]
[BlackClock "0:02:05"]

1. e4 c6 2. d4 d5 3. e5 Bf5 4. Nf3 e6 5. Be2 Ne7 6. O-O h6 7. Nbd2 Bh7 8. Nb3 Nf5 9. a4 Nd7 10. a5 Be7 11. g4 Nh4 12. Nxh4 Bxh4 13. f4 O-O 14. f5 Bg5 15. Bd3 exf5 16. gxf5 c5 17. e6 fxe6 18. fxe6 Bxd3 19. cxd3 c4 20. dxc4 dxc4 21. exd7 cxb3 22. Qxb3+ Kh8 23. Rxf8+ Qxf8 24. Bxg5 hxg5 25. Re1 Rd8 26. Qh3+ Kg8 27. Qe6+ Qf7 28. Qe8+ Qf8 29. Qxd8 1-0


[Site "https://www.chess.com"]

[Event "Titled Tuesday Blitz January 17 Early 2023"]
[White "Ortega Ruiz, Jose Miguel"]
[Black "Djokovic, Nebojsa"]
[WhiteFideId "2209713"]
[BlackFideId "938300"]
[WhiteElo "2351"]
[BlackElo "2119"]
[Result "0-1"]
[Round "11"]
[TimeControl "180+2"]
[Date "2023.01.17"]
[WhiteClock "0:01:28"]
[BlackClock "0:01:22"]

1. e3 e6 2. Nf3 d5 3. b3 Nf6 4. Bb2 Be7 5. g3 O-O 6. Bg2 c5 7. O-O Nc6 8. Qe2 b6 9. Rd1 Bb7 10. d4 Rc8 11. dxc5 bxc5 12. c4 Qb6 13. Nc3 Rfd8 14. Na4 Qa5 15. cxd5 exd5 16. Bc3 Qc7 17. Rac1 Ne4 18. Bb2 Nb4 19. a3 Ba6 20. Qe1 Nd3 21. Rxd3 Bxd3 22. Nd2 Nxd2 23. Qxd2 Be4 24. f3 Bg6 25. Bh3 Rb8 26. b4 c4 27. Bd4 a5 28. bxa5 Bxa3 29. Ra1 Bb4 30. Nc3 Bxa5 31. Nxd5 Rxd5 32. Qc1 c3 33. Bf1 c2 34. Qa3 h5 35. Bb2 Rd1 36. Bc1 Bc3 37. Ra2 Rxc1 38. Qxc1 Bd2 39. Rxc2 Qxc2 40. Qxc2 Bxc2 41. Kf2 Re8 42. e4 Bxe4 43. fxe4 Rxe4 44. Be2 Re5 45. Bf3 g6 46. h3 Kg7 47. g4 hxg4 48. hxg4 Kf6 49. Kg3 Kg5 50. Bd1 Bf4+ 51. Kh3 Re3+ 52. Kg2 Rg3+ 53. Kf2 Rxg4 54. Bb3 f5 55. Bd1 Rg3 56. Be2 Ra3 57. Kg1 Kf6 58. Bc4 g5 59. Kg2 g4 60. Kg1 Kg5 61. Kg2 Rc3 62. Bd3 Rxd3 0-1


[Site "https://www.chess.com"]

[Event "Titled Tuesday Blitz January 17 Early 2023"]
[White "Kochetov, Andrey"]
[Black "Bruned, Yvain"]
[WhiteFideId "24130532"]
[BlackFideId "2250292"]
[WhiteElo "2165"]
[BlackElo "2286"]
[Result "0-1"]
[Round "11"]
[TimeControl "180+2"]
[Date "2023.01.17"]
[WhiteClock "0:00:01"]
[BlackClock "0:00:03"]

1. e4 b6 2. d4 Bb7 3. Bd3 e6 4. f4 Bb4+ 5. c3 Be7 6. Nf3 d5 7. e5 h5 8. f5 exf5 9. Bxf5 Bc8 10. Bd3 Be6 11. O-O Nh6 12. Qe1 Qd7 13. Qg3 g6 14. Bg5 Nf5 15. Qf4 c5 16. Bxe7 Nxe7 17. Na3 c4 18. Bb1 Na6 19. Nc2 O-O-O 20. Ne3 Nc7 21. b3 Kb8 22. bxc4 dxc4 23. Be4 Ned5 24. Bxd5 Nxd5 25. Nxd5 Bxd5 26. a4 Qc7 27. a5 b5 28. a6 Ka8 29. Rab1 Rb8 30. Rf2 Rhd8 31. Rfb2 Be6 32. Rxb5 Rxb5 33. Rxb5 Qc6 34. Rb1 Qxa6 35. Ng5 Qc6 36. Qd2 Bf5 37. Rb2 Be6 38. Nxe6 fxe6 39. Qf2 Rb8 40. Rd2 Rb1+ 0-1


[Site "https://www.chess.com"]

[Event "Titled Tuesday Blitz January 17 Early 2023"]
[White "Ordekalog"]
[Black "Sanchez, Robert"]
[BlackFideId "2034360"]
[WhiteElo "2578"]
[BlackElo "1966"]
[Result "1/2-1/2"]
[Round "11"]
[TimeControl "180+2"]
[Date "2023.01.17"]
[WhiteClock "0:00:49"]
[BlackClock "0:01:11"]

1. d4 Nf6 2. c4 e6 3. Nc3 Bb4 4. Bd2 O-O 5. Rc1 d5 6. e3 c6 7. Nf3 Nbd7 8. a3 Be7 9. Bd3 dxc4 10. Bxc4 b5 11. Bd3 Bb7 12. O-O a6 13. e4 c5 14. e5 Nd5 15. Nxd5 Bxd5 16. dxc5 Nxc5 17. Rxc5 Bxf3 18. Qxf3 Bxc5 19. Qe4 g6 20. Bh6 Qd4 21. Qf3 Qxe5 22. Bxf8 Rxf8 23. b4 Bd6 24. g3 Qc3 25. Be2 Rc8 26. Qb7 Qc6 27. Bf3 Qxb7 28. Bxb7 Rc3 29. Ra1 Be5 30. Ra2 Rc1+ 31. Kg2 Ra1 32. Rxa1 Bxa1 33. Bxa6 Bb2 34. Bxb5 Bxa3 35. f4 Bxb4 36. Kf3 Kg7 37. g4 Bc5 38. h3 h6 39. Bc4 Kf6 40. h4 g5 41. fxg5+ hxg5 42. hxg5+ Kxg5 43. Bd3 Bd6 44. Bc2 f5 45. gxf5 exf5 46. Bxf5 1/2-1/2


[Site "https://www.chess.com"]

[Event "Titled Tuesday Blitz January 17 Early 2023"]
[White "Ahmad, Al Khatib"]
[Black "Golubev, Mikhail"]
[WhiteFideId "8103178"]
[BlackFideId "14100983"]
[WhiteElo "2344"]
[BlackElo "2461"]
[Result "1/2-1/2"]
[Round "11"]
[TimeControl "180+2"]
[Date "2023.01.17"]
[WhiteClock "0:00:12"]
[BlackClock "0:00:08"]

1. Nf3 d6 2. d4 Nf6 3. Nc3 g6 4. e4 Bg7 5. h3 O-O 6. Be3 a6 7. a4 Nc6 8. a5 e5 9. dxe5 Nxe5 10. Nxe5 dxe5 11. Qxd8 Rxd8 12. f3 Be6 13. Na4 Nh5 14. Kf2 f5 15. Nc5 Bf7 16. Bd3 Nf4 17. Bf1 Ne6 18. Nxe6 Bxe6 19. Bd3 f4 20. Bd2 Bf8 21. Bc3 Bc5+ 22. Ke2 Bd4 23. Bxd4 Rxd4 24. Rhd1 Rad8 25. Ke1 Kf7 26. Be2 Kf6 27. c3 R4d6 28. Rxd6 cxd6 29. Ra4 Ke7 30. Rb4 Rd7 31. Kd2 d5 32. exd5 Bxd5 33. Kc2 Bc6 34. Bd3 Kf6 35. Be4 Bxe4+ 36. Rxe4 Rd5 37. Rb4 Rxa5 38. Rxb7 h6 39. Kb1 Kg5 40. b4 Rd5 41. Kc2 Kh4 42. Rb6 g5 43. Rxa6 Kg3 44. c4 Rd4 45. Kc3 Kxg2 46. c5 Rd1 47. Kc2 Rd4 48. Kb3 e4 49. fxe4 f3 50. c6 f2 51. Ra2 Rxe4 52. b5 Re3+ 53. Kc4 Re4+ 54. Kc5 Re5+ 55. Kb6 Kg3 56. Rxf2 Kxf2 57. c7 Re8 58. Kb7 h5 59. c8=Q Rxc8 60. Kxc8 g4 61. hxg4 hxg4 62. b6 g3 63. b7 g2 64. b8=Q g1=Q 65. Qf4+ Kg2 66. Qg4+ Kf1 67. Qf3+ Qf2 68. Qxf2+ Kxf2 1/2-1/2


[Site "https://www.chess.com"]